 Dungeon Crawl Stone Soup version 0.28-a0-804-g60983d4ba9 (webtiles) character file.

Game seed: 16278243159883772906

2090 siradein the Skirmisher (level 9, -11/71 HPs)
             Began as a Demonspawn Fighter on Nov 8, 2021.
             Was an Initiate of Fedhas.
             Mangled by a two-headed ogre (27 damage)
             ... on level 6 of the Dungeon.
             The game lasted 00:21:04 (5016 turns).

siradein the Skirmisher (Demonspawn Fighter)        Turns: 5016, Time: 00:21:05

Health: -11/71     AC: 11    Str: 18    XL:     9   Next: 6%
Magic:  10/10      EV:  7    Int: 10    God:    Fedhas [......]
Gold:   181        SH:  0    Dex: 14    Spells: 8/8 levels left

rFire   + . .      SeeInvis +   a - +0 trident
rCold   . . .      Faith    .   C - +0 kite shield
rNeg    . . .      Spirit   .   b - +0 scale mail
rPois   .          Reflect  .   B - +0 helmet
rElec   .          Harm     .   (no cloak)
rCorr   .          Rampage  .   (gloves unavailable)
Will    .....                   s - +0 pair of boots
Stlth   ..........              l - amulet of regeneration
HPRegen 1.21/turn               j - ring of see invisible
MPRegen 0.12/turn               A - ring of protection from fire

@: confused, mighty, about to teleport, ambrosia-drunk
A: claws 3, powered by pain 1, sharp scales 1
a: Renounce Religion


You were on level 6 of the Dungeon.
You worshipped Fedhas.
Fedhas was noncommittal.
You visited 2 branches of the dungeon, and saw 7 of its levels.

You collected 241 gold pieces.
You spent 60 gold pieces at shops.

Inventory:

Hand Weapons
 a - a +0 trident (weapon)
Missiles
 r - 3 boomerangs (quivered)
Armour
 b - a +0 scale mail (worn)
 s - a +0 pair of boots (worn)
 B - a +0 helmet (worn)
 C - a +0 kite shield (worn)
Jewellery
 j - a ring of see invisible (left claw)
 k - a ring of wizardry
 l - an amulet of regeneration (around neck)
 q - an amulet of faith
 A - a ring of protection from fire (right claw)
Wands
 w - a wand of polymorph (9)
 x - a wand of flame (21)
Scrolls
 f - a scroll of immolation
 h - 2 scrolls of silence
 i - a scroll of magic mapping
 o - a scroll of brand weapon {unknown}
 p - a scroll of enchant weapon {unknown}
 y - 4 scrolls of blinking {unknown}
 z - a scroll of identify
Potions
 d - a potion of cancellation
 e - a potion of berserk rage {unknown}
 g - a potion of ambrosia
 n - a potion of attraction {unknown}
 t - a potion of flight
 u - a potion of curing
 v - a potion of mutation {unknown}


   Skills:
 + Level 6.6 Fighting
 + Level 5.6 Polearms
 + Level 6.0 Armour
 + Level 6.0 Shields
 + Level 1.5 Invocations


You had 8 spell levels left.
You didn't know any spells.
Your spell library contained the following spells:

 Spells                   Type           Power      Damage    Failure   Level
 Gell's Gravitas          Tloc           0%         N/A       100%        3
 Stone Arrow              Conj/Erth      0%         3d7       100%        3
 Teleport Other           Tloc           0%         N/A       100%        3
 Animate Armour           Summ/Erth      0%         N/A       100%        4
 Dispersal                Tloc           0%         N/A       100%        6
 Lehudib's Crystal Spear  Conj/Erth      0%         10d2      100%        8


Dungeon Overview and Level Annotations

Branches:
Dungeon (6/15)             Temple (1/1) D:5

Altars:
Ashenzari
Cheibriados
Dithmenos
Fedhas
Gozag
Hepliaklqana
Makhleb
Nemelex Xobeh
Okawaru
Qazlal
Ru
Sif Muna
Vehumet
Wu Jian
Xom
Yredelemnul
The Shining One

Shops:
D:1 ?   D:3 *=![   D:5 [=?

Annotations:
D:6 Blork the orc


Innate Abilities, Weirdness & Mutations

You have claws for hands.
You sometimes gain a little power by taking damage.
You are partially covered in razor-sharp scales. (AC +1, Slay +1)


Message History

The bullfrog hits you but does no damage.
The bullfrog hits you.
Found a leather armour.
Blork the orc comes into view.
He is wielding a +0 mace.
Blork the orc shouts!
Blork the orc miscasts a cantrip.
You closely miss Blork the orc.
Blork the orc gestures at you while chanting.
The puff of flame hits you. You resist.
Blork the orc hits you but does no damage.
You completely miss Blork the orc.
Blork the orc hits you but does no damage.
You hit Blork the orc.
Blork the orc is lightly wounded.
You block Blork the orc's attack.
Okay, then.
As you read the scroll labelled KARUGHI IHUURY, it crumbles to dust.
The creatures around you are filled with an inner flame!
It was a scroll of immolation.
Blork the orc hits you with a +0 mace.
As you read the scroll labelled HOATOF NEOBI, it crumbles to dust.
You feel aware of your surroundings.
You sensed 2 altars.
It was a scroll of magic mapping.
The two-headed ogre hits you with a +0 giant spiked club!!
You block the two-headed ogre's attack. You block Blork the orc's attack.
As you read the scroll labelled LIT QIOX IRUKH, it crumbles to dust.
You feel strangely unstable.
It was a scroll of teleportation.
Blork the orc looks braver for a moment.
The two-headed ogre hits you with a +0 giant spiked club!!
You focus on the pain.
You feel mightier all of a sudden.
The two-headed ogre hits you with a +0 giant spiked club!
* * * LOW HITPOINT WARNING * * *
You focus on the pain.
You feel mightier all of a sudden.
You are confused.
You feel invigorated.
Blork the orc hits you but does no damage.
The two-headed ogre hits you with a +0 giant spiked club!!
You die...
Fedhas appreciates your contribution to the ecosystem.

### *** **#.# *,*
,,#.#################.#
*,#...........FO@o.[..#
*,#.#################.#
*,#.# *,* *,#.#######**
***+**** *,#O.......,*
*,,,,,,* #+#.....)..,*
*,,,,,,********
...........,*
*,,,,,,,,,,,,,*
...........,*
*****+***,***,,,*
......<....,*
#)......#,*,+,,,+


You could see a two-headed ogre (inner flame), Blork the orc (inner flame) and a
bullfrog (inner flame).

Vanquished Creatures
  Pikel (D:3)
  Sigmund (D:2)
  Duvessa (D:6)
  A sky beast (D:5)
  A black bear (D:5)
  2 necrophages (D:5)
  3 ogres
  A bullfrog (D:6)
  A scorpion (D:4)
  A bullfrog zombie (D:6)
  3 bullfrog skeletons
  2 orc priests
  Jessica (D:2)
  2 iguanas
  4 orc wizards
  3 gnolls
  12 adders
  A shadow imp (D:5)
  A white imp (D:5)
  A worm (D:4)
  3 dart slugs
  18 orcs
  7 bats
  8 endoplasms
  4 giant cockroaches (D:1)
  6 hobgoblins
  2 jackals (D:4)
  10 kobolds
  4 quokkas
  4 ball pythons
  3 frilled lizards
  3 goblins
  A rat (D:3)
116 creatures vanquished.

Notes
Turn   | Place    | Note
-------+----------+-------------------------------------------
     0 | D:1      | siradein the Demonspawn Fighter began the quest for the
                  | Orb.
     0 | D:1      | Reached XP level 1. HP: 18/18 MP: 1/1
   190 | D:1      | Found a faded altar of an unknown god.
   213 | D:1      | Found Vubev's Magic Scroll Boutique.
   226 | D:1      | Gained mutation: You are partially covered in razor-sharp
                  | scales. (AC +1, Slay +1) [demonic ancestry]
   226 | D:1      | Reached XP level 2. HP: 24/24 MP: 2/2
  1037 | D:2      | Gained mutation: You sometimes gain a little power by
                  | taking damage. [demonic ancestry]
  1037 | D:2      | Reached XP level 3. HP: 29/29 MP: 3/3
  1112 | D:2      | Noticed Sigmund
  1132 | D:2      | Killed Sigmund
  1133 | D:2      | Reached XP level 4. HP: 30/37 MP: 4/4
  1133 | D:2      | Gained mutation: You have sharp fingernails. [demonic
                  | ancestry]
  1133 | D:2      | Reached XP level 5. HP: 34/42 MP: 5/5
  1244 | D:2      | Noticed Jessica
  1254 | D:2      | Killed Jessica
  1582 | D:3      | Found Venure's Antique Armour Shop.
  1608 | D:2      | Reached XP level 6. HP: 16/48 MP: 6/6
  2115 | D:3      | Found Ehuduope's Distillery.
  2162 | D:3      | Found Loll's Jewellery Emporium.
  2164 | D:3      | Found Nicaeh's Assorted Antiques.
  2577 | D:4      | Gained mutation: You have very sharp fingernails. [demonic
                  | ancestry]
  2577 | D:4      | Reached XP level 7. HP: 55/55 MP: 7/7
  2805 | D:4      | Reached skill level 5 in Fighting
  3233 | D:4      | Noticed Pikel
  3325 | D:3      | Killed Pikel
  3326 | D:3      | Reached skill level 5 in Armour
  3326 | D:3      | Reached skill level 5 in Shields
  3326 | D:3      | Reached XP level 8. HP: 45/64 MP: 8/8
  3438 | D:4      | Found a basalt altar of Yredelemnul.
  3439 | D:4      | Found a sacrificial altar of Ru.
  3788 | D:5      | Entered Level 5 of the Dungeon
  3828 | D:5      | Found Dadghixt's Magic Scroll Shoppe.
  3850 | D:5      | Reached skill level 5 in Polearms
  3857 | D:5      | Bought a scroll of identify for 24 gold pieces
  3857 | D:5      | Bought a scroll of identify for 24 gold pieces
  3857 | D:5      | Bought a scroll of noise for 12 gold pieces
  3997 | D:5      | Found a staircase to the Ecumenical Temple.
  4008 | Temple   | Entered the Ecumenical Temple
  4275 | D:5      | Found Cuggatt's Jewellery Boutique.
  4312 | D:5      | Found Guacocej's Antique Armour Emporium.
  4461 | D:5      | Found a blossoming altar of Fedhas.
  4479 | D:5      | Became a worshipper of Fedhas Madash
  4829 | D:6      | Noticed Duvessa
  4862 | D:6      | Reached skill level 1 in Invocations
  4910 | D:6      | Killed Duvessa
  4911 | D:6      | Gained mutation: You have claws for hands. [demonic
                  | ancestry]
  4911 | D:6      | Reached XP level 9. HP: 48/71 MP: 8/10
  4985 | D:6      | Noticed a two-headed ogre
  5006 | D:6      | Noticed Blork the orc
  5016 | D:6      | Mangled by a two-headed ogre

Illustrated notes

Levels and vault maps discovered:
D:1:      amcnicky_arrival_flooded_fountain, layout_basic,
          basic_ecumenical_altar, serial_shops, shop
D:2:      layout_loops_corners, uniq_jessica, uniq_sigmund
D:3:      minmay_chambers_of_twos, layout_basic, serial_glass, glass_columns_b,
          glass_columns_a, glass_columns_a, serial_shops, shop_fountains, shop,
          shop, nicolae_shop_overgrown_old_shop
D:4:      cheibrodos_thug_alley, layout_layer_cave, minitemple, uniq_pikel
D:5:      layout_rooms, mainiacjoe_overflow_small_starburst,
          minmay_temple_entry_poolview, serial_shops, nicolae_stop_n_shop_2,
          kennysheep_little_box, shop
D:6:      layout_basic, gammafunk_temple_overflow_elements, uniq_blork_the_orc,
          uniq_duvessa, uniq_menkaure
Temple:   dpeg_chambers_temple

Skill      XL: |  1  2  3  4  5  6  7  8 |
---------------+-------------------------+-----
Polearms       | 2 3 4 5 |  5.6
Armour         | 3 4 5 6 |  6.0
Shields        | 3 4 5 6 |  6.0
Fighting       | 4 5 6 |  6.6
Invocations    | 1 |  1.5

Action                   |  1- 3 |  4- 6 |  7- 9 || total
-------------------------+-------+-------+-------++-------
Melee: Trident           |    89 |   161 |   305 ||   555
  Use: Potion            |       |       |     6 ||     6
       Scroll            |       |       |     7 ||     7
Armor: Scale mail        |    23 |    70 |   120 ||   213
Dodge: Dodged            |    35 |    57 |    98 ||   190
Block: Buckler           |     7 |    37 |    66 ||   110
       Kite shield       |       |       |     5 ||     5

Table legend: (Time is in decaauts)
 A = Elapsed time spent in this place.
 B = Non-inter-level travel time spent in this place.
 C = Inter-level travel time spent in this place.
 D = Time resting spent in this place.
 E = Time spent auto-exploring this place.
 F = Levels seen in this place.
 G = Mean time per level.
                   A        B        C        D        E       F      G
               +--------+--------+--------+--------+--------+-----+--------+
         Total |   5080 |   4924 |    156 |    110 |   3543 |   7 |  725.7 |
       Dungeon |   4854 |   4721 |    133 |    110 |   3352 |   6 |  809.0 |
        Temple |    226 |    203 |     23 |      0 |    191 |   1 |  226.0 |
               +--------+--------+--------+--------+--------+-----+--------+

Top non-repeatable levels by time:
     D:4: 1333 daAuts
     D:2: 884 daAuts
     D:3: 841 daAuts
     D:1: 786 daAuts
     D:5: 647 daAuts
     D:6: 360 daAuts
  Temple: 226 daAuts
